 Dungeon Crawl Stone Soup version 0.29.1-1-gd02db6906a (webtiles) character file.

Game seed: 6671174005423780038

165 warriortoast the Conjurer (level 5, -1/28 HPs)
             Began as a Deep Elf Conjurer on Oct 18, 2022.
             Slain by a scorpion (4 damage)
             ... on level 4 of the Dungeon.
             The game lasted 00:08:24 (4016 turns).

warriortoast the Conjurer (Deep Elf Conjurer)       Turns: 4016, Time: 00:08:25

Health: -1/28      AC:  3    Str:  4    XL:     5   Next: 22%
Magic:  5/14       EV: 12    Int: 25    God:
Gold:   177        SH:  0    Dex: 13    Spells: 2/14 levels left

rFire   . . .      SeeInvis .   r - +1 short sword (elec)
rCold   . . .      Faith    .   (no shield)
rNeg    . . .      Spirit   .   a - +0 robe
rPois   .          Reflect  .   c - +0 helmet
rElec   .          Harm     .   (no cloak)
rCorr   .          Rampage  .   (no gloves)
Will    .....                   (no boots)
Stlth   ++........              n - amulet of regeneration
HPRegen 0.89/turn               p - ring of wizardry
MPRegen 0.14/turn               (no ring)

@: lethally poisoned (-1 -> -7)
A: no striking features
a: no special abilities


You were on level 4 of the Dungeon.
You visited 1 branch of the dungeon, and saw 4 of its levels.

You collected 177 gold pieces.

Inventory:

Hand Weapons
 r - a +1 short sword of electrocution (weapon)
Armour
 a - a +0 robe (worn)
 c - a +0 helmet (worn)
Jewellery
 n - an amulet of regeneration (around neck)
 p - a ring of wizardry (left hand)
 s - an amulet of reflection
Scrolls
 d - a scroll of silence {unknown}
 f - a scroll of torment {unknown}
 g - 7 scrolls of identify {unknown}
 h - a scroll of enchant armour {unknown}
 i - a scroll of enchant weapon {unknown}
 k - 2 scrolls of teleportation {unknown}
 l - 3 scrolls of amnesia {unknown}
 m - 2 scrolls of fear {unknown}
 q - 2 scrolls of vulnerability {unknown}
Potions
 b - a potion of magic
 e - a potion of cancellation {unknown}
 j - a potion of attraction {unknown}
 o - a potion of heal wounds {unknown}


   Skills:
 - Level 2.4 Dodging
 - Level 2.4 Stealth
 + Level 5.1 Spellcasting
 + Level 5.6 Conjurations
 + Level 2.9 Hexes


You had 2 spell levels left.
You knew the following spells:

 Your Spells              Type           Power      Damage    Failure   Level
a - Magic Dart            Conj           100%       1d8       1%          1
b - Dazzling Flash        Conj/Hex       54%        N/A       1%          3
c - Fulminant Prism       Conj/Hex       13%        3d9       6%          4
d - Iskenderun's Mystic   Conj/Tloc      20%        2d6       11%         4

Your spell library contained the following spells:

 Spells                   Type           Power      Damage    Failure   Level
 Searing Ray              Conj           68%        2d6       1%          2
 Apportation              Tloc           12%        N/A       3%          1
 Necrotise                Necr           24%        1d5       3%          1
 Summon Small Mammal      Summ           24%        N/A       3%          1


Dungeon Overview and Level Annotations

Branches:
Dungeon (4/15)
 Temple: D:4-7

Altars:
Elyvilon
Fedhas
Qazlal
Xom


Message History

The scorpion closely misses you.
The magic dart hits the scorpion.
The scorpion is severely wounded.
The scorpion stings you.
You are poisoned.
The scorpion poisons you!
You are too injured to fight recklessly!
You are too injured to fight recklessly!
You are too injured to fight recklessly!
Casting: Magic Dart (safe; 1% risk of failure)
Confirm with . or Enter, or press ? or * to list all spells.
Aiming: Magic Dart (safe; 1% risk of failure)
Press: ? - help, Shift-Dir - straight line, f/p - scorpion
Aim: a scorpion (severely wounded, 100% to hit)
The magic dart hits the scorpion.
The scorpion is almost dead.
You feel sick. The scorpion stings you.
You are lethally poisoned!
The scorpion poisons you! The scorpion stings you.
Casting: Magic Dart (safe; 1% risk of failure)
Confirm with . or Enter, or press ? or * to list all spells.
Aiming: Magic Dart (safe; 1% risk of failure)
Press: ? - help, Shift-Dir - straight line, f/p - scorpion
Aim: a scorpion (almost dead, 100% to hit)
The magic dart hits the scorpion but does no damage.
The scorpion is almost dead.
* * * LOW HITPOINT WARNING * * *
You feel very sick. The scorpion misses you.
Casting: Magic Dart (safe; 1% risk of failure)
Confirm with . or Enter, or press ? or * to list all spells.
Aiming: Magic Dart (safe; 1% risk of failure)
Press: ? - help, Shift-Dir - straight line, f/p - scorpion
Aim: a scorpion (almost dead, 100% to hit)
The magic dart hits the scorpion but does no damage.
The scorpion is almost dead.
* * * LOW HITPOINT WARNING * * *
You feel very sick. The scorpion stings you.
You die...

## .# ##### .#
+...+ .#
#####...## ## +.#
..... ###.#+#...#
#.....#...
+.....##s##
#.....#.@.#
#####.#'#...#+#
+...'.#.......#
###...#####...###
#.......#.+...+
#+#...#+#.#####
#...#.....#
##'##.....+
#...#.....#


You could see a scorpion.

Vanquished Creatures
  Jessica (D:3)
  An orc wizard (D:3)
  2 gnolls
  3 adders
  A worm (D:2)
  A dart slug (D:3)
  7 orcs
  6 bats
  7 endoplasms
  2 giant cockroaches
  4 goblins
  4 hobgoblins
  2 jackals (D:1)
  2 quokkas
  4 ball pythons
  A frilled lizard (D:3)
  3 kobolds
  6 rats
57 creatures vanquished.

Vanquished Creatures (others)
  2 fungi (D:4)
  2 plants (D:4)
4 creatures vanquished.

Grand Total: 61 creatures vanquished

Notes
Turn   | Place    | Note
-------+----------+-------------------------------------------
     0 | D:1      | warriortoast the Deep Elf Conjurer began the quest for the
                  | Orb.
     0 | D:1      | Reached XP level 1. HP: 10/10 MP: 6/6
    84 | D:1      | Found a faded altar of an unknown god.
   224 | D:1      | Reached XP level 2. HP: 15/15 MP: 5/8
  1112 | D:2      | Reached skill level 5 in Conjurations
  1112 | D:2      | Reached XP level 3. HP: 19/19 MP: 8/10
  1116 | D:2      | Learned a level 3 spell: Dazzling Flash
  2321 | D:3      | Noticed Jessica
  2323 | D:3      | Reached skill level 1 in Hexes
  2326 | D:3      | Killed Jessica
  2327 | D:3      | Reached XP level 4. HP: 24/24 MP: 5/12
  3363 | D:3      | Learned a level 4 spell: Fulminant Prism
  3368 | D:3      | Learned a level 4 spell: Iskenderun's Mystic Blast
  3504 | D:4      | Found a shimmering altar of Xom.
  3629 | D:4      | Found a white marble altar of Elyvilon.
  3682 | D:3      | Reached skill level 5 in Spellcasting
  3682 | D:3      | Reached XP level 5. HP: 20/28 MP: 8/14
  3946 | D:4      | Found a blossoming altar of Fedhas.
  3947 | D:4      | Found a stormy altar of Qazlal.
  4016 | D:4      | Slain by a scorpion

Illustrated notes

Levels and vault maps discovered:
D:1:      matt_arrival_spirals, layout_rooms,
          hellmonk_ecumenical_altar_dog_temple, minivault_11
D:2:      layout_basic
D:3:      layout_basic, serial_corexii_hall, corexii_hall_statues_deadend,
          corexii_hall_statues_t, chequers_hall_statues_corner_a,
          serial_bayou_ford_a, hangedman_abyss_or_decor_lesser_grid,
          st_stairs_14, uniq_jessica
D:4:      nicolae_cairo_tiling_large, layout_gridville,
          grunt_temple_overflow_forces_of_nature,
          nicolae_elyvilon_peaceful_grove, mainiacjoe_overflow_paths

Skill      XL: |  1  2  3  4 |
---------------+-------------+-----
Spellcasting   | 4 5 |  5.1
Conjurations   | 5 |  5.6
Hexes          | 1 2 |  2.9
Dodging        | |  2.4
Stealth        | |  2.4

Action                   |  1- 3 |  4- 6 || total
-------------------------+-------+-------++-------
Melee: Unarmed           |       |     6 ||     6
 Cast: Magic Dart        |    69 |    71 ||   140
       Dazzling Flash    |       |     2 ||     2
Armor: Robe              |       |     5 ||     5
Dodge: Dodged            |     4 |    22 ||    26
